 Dungeon Crawl Stone Soup version 0.25.0-41-g26779e291d (webtiles) character file.

Game seed: 11412231601868759513

401 Ethylacetat the Firebug (level 6, -1/36 HPs)
             Began as an Octopode Fire Elementalist on July 10, 2020.
             Killed by nerve-wracking pain
             ... invoked by an orc priest
              (12 damage)
             ... on level 4 of the Dungeon.
             The game lasted 00:12:31 (3548 turns).

Ethylacetat the Firebug (OpFE)                      Turns: 3548, Time: 00:12:31

Health: -1/36      AC:  1    Str:  7    XL:     6   Next: 85%
Magic:  6/11       EV: 13    Int: 19    God:
Gold:   169        SH:  0    Dex: 13    Spells: 3/11 levels left

rFire    . . .     SeeInvis +   i - +2 dagger (venom)
rCold    . . .     Gourm    .   (no shield)
rNeg     . . .     Faith    .   (helmet restricted)
rPois    .         Spirit   .   (no amulet)
rElec    .         Reflect  .   j - ring of wizardry
rCorr    .         Harm     .   m - ring of see invisible
MR       .....                  (no ring)
Stlth    +++.......             (no ring)
HPRegen  0.12/turn              (no ring)
MPRegen  0.12/turn              (no ring)
                                (no ring)
                                (no ring)

@: very slightly contaminated
A: almost no armour, stealthy swim, amphibious, 8 rings, constrict 8, camouflage
1, gelatinous body 1
a: no special abilities


You were on level 4 of the Dungeon.
You were not hungry.

You visited 1 branch of the dungeon, and saw 4 of its levels.

You collected 169 gold pieces.

Inventory:

Hand Weapons
 i - a +2 dagger of venom (weapon)
Jewellery
 j - a ring of wizardry (left tentacle)
 m - a ring of see invisible (right tentacle)
Wands
 q - a wand of random effects (11)
Scrolls
 c - 5 scrolls of remove curse {unknown}
 e - a scroll of enchant weapon {unknown}
 g - 5 scrolls of identify {unknown}
 h - 3 scrolls of teleportation {unknown}
 k - 2 scrolls of fear {unknown}
 n - a scroll of immolation {unknown}
 o - 2 scrolls of blinking {unknown}
 r - a scroll of fog {unknown}
Potions
 d - a potion of mutation {unknown}
 f - a potion of lignification {unknown}
 l - a potion of cancellation {unknown}
 p - a potion of flight {unknown}
 s - a potion of brilliance {unknown}
Comestibles
 b - 4 rations


   Skills:
 - Level 2.0 Dodging
 - Level 2.6 Stealth
 + Level 3.3 Spellcasting
 * Level 4.2 Conjurations
 * Level 5.2 Fire Magic


You had 3 spell levels left.
You knew the following spells:

 Your Spells              Type           Power        Failure   Level  Hunger
a - Foxfire               Conj/Fire      ###.         1%          1    None
b - Blink                 Tloc           N/A          9%          2    ##.....
c - Fireball              Conj/Fire      ###.......   22%         5    ######.

Your spell library contained the following spells:

 Spells                   Type           Power        Failure   Level  Hunger
 Magic Dart               Conj           ###.         1%          1    None
 Conjure Flame            Conj/Fire      ###.....     2%          3    ###....
 Inner Flame              Hex/Fire       ##......     6%          3    ###....
 Call Imp                 Summ           #.......     9%          2    ##.....
 Slow                     Hex            #.......     9%          2    ##.....
 Mephitic Cloud           Conj/Pois/Air  #.......     10%         3    ###....
 Sticky Flame             Conj/Fire      ###.....     9%          4    ####...


Dungeon Overview and Level Annotations

Branches:
Dungeon (4/15)
 Temple: D:4-7

Altars:
Dithmenos
Fedhas
Makhleb
Ru
Trog
Wu Jian
Yredelemnul


Innate Abilities, Weirdness & Mutations

You cannot wear most types of armour.
You are very stealthy in the water. (Stealth+)
You are amphibious.
You can wear up to eight rings at the same time.
You can use your tentacles to constrict eight enemies at once.
Your skin changes colour to match your surroundings (Stealth+).
Your rubbery body absorbs attacks. (AC +1, EV +1)


Message History

You conjure some foxfire!
The foxfire hits the orc priest.
The orc priest is severely wounded.
The foxfire hits the orc priest but does no damage.
The orc priest is severely wounded.
The orc priest barely misses you.
Casting: Foxfire (safe; 1% risk of failure)
Confirm with . or Enter, or press ? or * to list all spells.
You miscast Foxfire.
Nothing appears to happen.
The foxfire hits the orc.
The orc is moderately wounded.
The foxfire hits the orc priest.
The orc priest is almost dead.
The orc wizard casts a spell at you. The magic dart hits you.
The orc hits you with a +0 mace. The orc priest closely misses you.
The orc hits you with a +0 mace.
The orc priest invokes the aid of Beogh against you.
Beogh smites you!
The orc priest mumbles some strange prayers to Beogh against you.
Pain shoots through your body!
You die...

.. .. .# ..
.(#. #.#.###
##
#.o...###..#
#.........#
#.oo.P.P..#
#.o@.$_..#
###..P.P.#
#......#
#.....##
#######


You could see 2 orc priests, an orc wizard (fast) and an orc.

Vanquished Creatures
  Grinder (D:4)
  A bullfrog (D:4)
  An orc priest (D:4)
  2 adders (D:2)
  2 oozes (D:2)
  An adder skeleton (D:2)
  4 worms
  A dart slug (D:1)
  A leopard gecko (D:3)
  2 orcs (D:3)
  A ball python (D:1)
  4 giant cockroaches
  8 goblins
  12 hobgoblins
  8 jackals
  7 bats
  4 frilled lizards
  3 kobolds
  11 rats
74 creatures vanquished.

Vanquished Creatures (others)
  213 foxfires
213 creatures vanquished.

Grand Total: 287 creatures vanquished

Notes
Turn   | Place    | Note
-------+----------+-------------------------------------------
     0 | D:1      | Ethylacetat the Octopode Fire Elementalist began the quest
                  | for the Orb.
     0 | D:1      | Reached XP level 1. HP: 11/11 MP: 3/3
   123 | D:1      | Reached XP level 2. HP: 17/17 MP: 0/5
   760 | D:1      | Reached XP level 3. HP: 21/21 MP: 2/6
  1346 | D:2      | Reached XP level 4. HP: 27/27 MP: 5/7
  1366 | D:2      | Found a shadowy altar of Dithmenos.
  1402 | D:2      | Found a sacrificial altar of Ru.
  1624 | D:2      | Learned a level 2 spell: Blink
  1755 | D:2      | Reached skill level 4 in Fire Magic
  1756 | D:2      | Found a burning altar of Makhleb.
  1970 | D:2      | Found a blossoming altar of Fedhas.
  2766 | D:3      | Noticed a moth of wrath
  2769 | D:3      | Found a bloodstained altar of Trog.
  2870 | D:3      | Reached XP level 5. HP: 31/31 MP: 6/9
  2912 | D:3      | Learned a level 5 spell: Fireball
  3102 | D:4      | Found an ornate altar of the Wu Jian Council.
  3304 | D:4      | Found a basalt altar of Yredelemnul.
  3304 | D:4      | Noticed Grinder
  3311 | D:4      | Killed Grinder
  3311 | D:4      | Reached skill level 5 in Fire Magic
  3311 | D:4      | Reached XP level 6. HP: 8/36 MP: 0/11
  3548 | D:4      | Killed from afar by an orc priest

Illustrated notes

Levels and vault maps discovered:
D:1:      nicolae_arrival_somewhat_less_tricky_arrival, layout_basic,
          minmay_misc_feat_tiny, minmay_pentomino_z4
D:2:      layout_basic, old_standard_altar, grunt_dithmenos_smoke,
          nicolae_ru_awakened_eye, chequers_serial_rivers_micro_a, st_stairs_9,
          fedhas_altar_4
D:3:      layout_basic, tgw_trog, first_ration
D:4:      layout_rooms, yredelemnul_altar_generic,
          nicolae_overflow_crystal_walls, kennysheep_mini,
          cheibrodos_sewer_entry_bend, uniq_grinder, uniq_menkaure

Skill      XL: |  1  2  3  4  5 |
---------------+----------------+-----
Conjurations   | 2 4 |  4.2
Fire Magic     | 4 5 |  5.2
Spellcasting   | 3 |  3.3
Dodging        | |  2.0
Stealth        | |  2.6

Action                   |  1- 3 |  4- 6 || total
-------------------------+-------+-------++-------
Melee: Constrict         |     4 |     6 ||    10
       Unarmed           |     2 |       ||     2
       Dagger            |     4 |    17 ||    21
       Tentacles         |     1 |       ||     1
 Cast: Foxfire           |    55 |    89 ||   144
 Stab: Sleeping          |       |     1 ||     1
  Eat: Chunk             |     2 |     5 ||     7
       Ration            |       |     1 ||     1
Armor: Skin              |       |     2 ||     2
Dodge: Dodged            |     6 |     9 ||    15
